 Dungeon Crawl Stone Soup version 0.30-a0-939-gc8157cb160 (webtiles) character file.

Game seed: 13433987892617245643

851 cheesebisquit the Ruffian (level 7, -5/66 HPs)
             Began as a Troll Fighter on Mar 25, 2023.
             Slain by a hornet (8 damage)
             ... while paralysed by a hornet
             ... on level 5 of the Dungeon.
             The game lasted 00:16:41 (4192 turns).

cheesebisquit the Ruffian (Troll Fighter)           Turns: 4192, Time: 00:16:42

Health: -5/66      AC:  6    Str: 33    XL:     7   Next: 69%
Magic:  6/6        EV:  1    Int:  4    God:
Gold:   129        SH:  0    Dex:  9    Spells: 6/6 levels left

rFire   . . .      SeeInvis .      - Unarmed
rCold   . . .      Faith    .    b - +0 kite shield
rNeg    . . .      Spirit   .    y - +2 robe {Will+}
rPois   .          Reflect  .    (helmet restricted)
rElec   .          Rampage  .    (no cloak)
rCorr   +                        (gloves unavailable)
Will    +....                    (boots unavailable)
Stlth   +                        (no amulet)
HPRegen 1.11/turn                w - ring of resist corrosion
MPRegen 0.10/turn                F - +6 ring of strength

@: paralysed, mighty, lethally poisoned (-5 -> -7), slowed
A: large, unfitting armour, claws 3, regeneration 1, shaggy fur 1, tough skin 1
a: no special abilities


You were on level 5 of the Dungeon.
You visited 2 branches of the dungeon, and saw 6 of its levels.

You collected 343 gold pieces.
You spent 214 gold pieces at shops.

Inventory:

Hand Weapons
 c - a +2 scythe of freezing
Missiles
 f - 2 boomerangs
 h - 7 poisoned darts (quivered)
 i - 5 curare-tipped darts
 q - 3 javelins
 A - 7 stones
 G - 3 large rocks
Armour
 b - a +0 kite shield (worn)
 y - a +2 robe of willpower (worn)
Jewellery
 w - a ring of resist corrosion (left claw)
 F - a +6 ring of strength (right claw)
Wands
 z - a wand of roots (9)
 C - a wand of light (2)
Scrolls
 e - a scroll of enchant weapon {unknown}
 g - a scroll of acquirement {unknown}
 k - a scroll of teleportation {unknown}
 l - a scroll of silence {unknown}
 o - a scroll of enchant armour {unknown}
 p - a scroll of immolation {unknown}
 u - a scroll of vulnerability
 D - a scroll of magic mapping {unknown}
 E - 2 scrolls of fog {unknown}
Potions
 a - a potion of brilliance
 d - 2 potions of degeneration
 j - a potion of resistance
 m - a potion of heal wounds {unknown}
 n - a potion of mutation {unknown}
 r - 2 potions of curing
 s - a potion of berserk rage {unknown}
 t - 2 potions of invisibility {unknown}
 v - a potion of lignification {unknown}
 x - a potion of ambrosia {unknown}


   Skills:
 - Level 2.4 Fighting
 + Level 5.4 Throwing
 - Level 2.4 Dodging
 - Level 2.6 Shields
 + Level 6.5 Unarmed Combat


You had 6 spell levels left.
You didn't know any spells.
Your spell library was empty.

Dungeon Overview and Level Annotations

Branches:
Dungeon (5/15)             Temple (1/1) D:5

Altars:
Ashenzari
Dithmenos
Fedhas
Hepliaklqana
Makhleb
Nemelex Xobeh
Okawaru
Qazlal
Ru
Sif Muna
Trog
Uskayaw
Xom
Yredelemnul
Zin
The Shining One

Shops:
D:3 [   D:4 [

Annotations:
D:4 2 transporters, mistaj's ghost, amateur VSFi


Innate Abilities, Weirdness & Mutations

You are too large for most types of armour.
You have claws for hands.
Your natural rate of healing is unusually fast.
You are covered in fur. (AC +1)
You have tough skin. (AC +1)


Message History

You feel very sick. The hornet stings you!
You feel as though you will be slow longer.
You feel very sick. The hornet stings you!
You feel as though you will be slow longer.
The hornet stings you.
You feel as though you will be slow longer.
You can move again.
You closely miss the hornet.
You feel very sick. You block the hornet's attack.
The hornet stings you but does no damage.
You barely miss the hornet.
You feel sick. You block the hornet's attack. The hornet stings you.
You feel as though you will be slow longer.
The hornet stings you!
* * * LOW HITPOINT WARNING * * *
You feel as though you will be slow longer.
You feel better. You block the hornet's attack. x2
Okay, then.
You mangle the hornet!!
The hornet is heavily wounded.
The hornet stings you!
* * * LOW HITPOINT WARNING * * *
You feel as though you will be slow longer.
The hornet barely misses you.
You barely miss the hornet.
The hornet is heavily wounded.
The hornet stings you.
* * * LOW HITPOINT WARNING * * *
You are poisoned.
You feel as though you will be slow longer.
The hornet stings you!
* * * LOW HITPOINT WARNING * * *
You suddenly lose the ability to move!
* * * LOW HITPOINT WARNING * * *
You feel very sick. The hornet stings you!
You die...

#.# #.# #.# #.#
####+#### ## #.#
#...?...# .# #.# #..
....# .# #.# #.. ...#
.# #.# #..###y.# .#
#.# #...#.@.# .###.#
#.......# .....#
#.......# .#####
####'#### .# #)#..#
## ####.#.####### #
#...#........#
########.##.#######.#
......##.##.# #.#


You could see a hornet.

Vanquished Creatures
  Sigmund (D:2)
  2 ogres (D:5)
  A phantom (D:5)
  Blork the orc (D:5)
  A scorpion (D:4)
  A jelly (D:4)
  An orc priest (D:5)
  A gnoll bouda (D:4)
  2 orc wizards (D:5)
  An iguana (D:5)
  4 gnolls (D:4)
  5 adders
  A worm (D:4)
  2 dart slugs (D:3)
  6 orcs (D:5)
  7 ball pythons
  8 endoplasms
  A giant cockroach (D:1)
  11 goblins
  4 hobgoblins
  2 jackals (D:1)
  2 quokkas (D:4)
  2 bats
  5 frilled lizards
  10 kobolds
  6 rats
88 creatures vanquished.

Vanquished Creatures (others)
  2 fungi (D:2)
  12 plants (D:2)
14 creatures vanquished.

Grand Total: 102 creatures vanquished

Notes
Turn   | Place    | Note
-------+----------+-------------------------------------------
     0 | D:1      | cheesebisquit the Troll Fighter began the quest for the
                  | Orb.
     0 | D:1      | Reached XP level 1. HP: 22/22 MP: 0/0
    74 | D:1      | Reached XP level 2. HP: 29/29 MP: 1/1
    90 | D:1      | Reached skill level 1 in Throwing
   490 | D:2      | Noticed Sigmund
   497 | D:2      | Killed Sigmund
   498 | D:2      | Reached skill level 4 in Unarmed Combat
   498 | D:2      | Reached XP level 3. HP: 23/36 MP: 2/2
   498 | D:2      | Reached XP level 4. HP: 28/44 MP: 3/3
   498 | D:2      | Reached XP level 5. HP: 32/50 MP: 4/4
  1175 | D:2      | Found a faded altar of an unknown god.
  1419 | D:3      | Found Luffarph's Antique Armour Boutique.
  1585 | D:3      | Found a burning altar of Makhleb.
  1876 | D:3      | Identified the +6 long sword "Lifebane" {freeze, *Noise Fly
                  | rPois rN++}
  2259 | D:4      | Found a transporter.
  2262 | D:4      | Found a transporter.
  2262 | D:4      | Noticed mistaj's ghost (amateur VSFi)
  2332 | D:4      | Reached XP level 6. HP: 59/59 MP: 5/5
  2419 | D:4      | Found a glowing golden altar of the Shining One.
  2462 | D:4      | Reached skill level 5 in Unarmed Combat
  2725 | D:4      | Found Qotaesim's Armour Shoppe.
  2814 | D:3      | Bought an embroidered robe for 107 gold pieces
  2814 | D:3      | Bought a runed robe for 107 gold pieces
  3537 | D:5      | Entered Level 5 of the Dungeon
  3591 | D:5      | Reached XP level 7. HP: 36/66 MP: 6/6
  3618 | D:5      | Found a staircase to the Ecumenical Temple.
  3625 | Temple   | Entered the Ecumenical Temple
  3731 | D:5      | Noticed Blork the orc
  3741 | D:5      | Killed Blork the orc
  3742 | D:5      | Reached skill level 6 in Unarmed Combat
  3869 | D:5      | Reached skill level 5 in Throwing
  4182 | D:5      | Noticed a hornet
  4184 | D:5      | Paralysed by a hornet for 3 turns
  4191 | D:5      | Paralysed by a hornet for 3 turns
  4192 | D:5      | HP: 3/66 [poisoned by a hornet]
  4192 | D:5      | Slain by a hornet

Illustrated notes

Levels and vault maps discovered:
D:1:      lightli_arrival_boilingwater, layout_rooms, feat_on_display
D:2:      layout_basic, shapermc_ecumenical_altar_hornbeckon, minivault_14,
          chequers_jeans, nicolae_half_adder, uniq_sigmund
D:3:      layout_loops_ring, lightli_temple_of_fire, serial_shops, shop
D:4:      layout_layer_cave, mainiacjoe_overflow_concentric_impassable,
          gammafunk_ghost_mausoleum, serial_shops, nicolae_lakefront_shop,
          minmay_increasing_density
D:5:      layout_loops_ring, minmay_temple_entry_waves,
          kennysheep_generic_room_8, uniq_blork_the_orc
Temple:   compressed_dpeg_circular_temple

Skill      XL: |  1  2  3  4  5  6  7 |
---------------+----------------------+-----
Throwing       | 3 4 5 |  5.4
Unarmed Combat | 4 5 6 |  6.5
Fighting       | |  2.4
Dodging        | |  2.4
Shields        | |  2.6

Action                     |  1- 3 |  4- 6 |  7- 9 || total
---------------------------+-------+-------+-------++-------
  Melee: Unarmed           |    45 |   150 |    40 ||   235
  Throw: Stone             |       |    28 |       ||    28
         Dart              |       |    65 |    18 ||    83
    Use: Potion            |     1 |       |     2 ||     3
         Scroll            |       |     5 |       ||     5
   Stab: Sleeping          |       |     1 |       ||     1
 Armour: Robe              |    12 |    20 |     8 ||    40
  Dodge: Dodged            |    12 |    21 |    10 ||    43
  Block: Kite shield       |    11 |    30 |    15 ||    56

Table legend: (Time is in decaauts)
 A = Elapsed time spent in this place.
 B = Non-inter-level travel time spent in this place.
 C = Inter-level travel time spent in this place.
 D = Time resting spent in this place.
 E = Time spent auto-exploring this place.
 F = Levels seen in this place.
 G = Mean time per level.
                   A        B        C        D        E       F      G
               +--------+--------+--------+--------+--------+-----+--------+
         Total |   4205 |   3904 |    301 |      0 |   3115 |   6 |  700.8 |
       Dungeon |   4120 |   3833 |    287 |      0 |   3059 |   5 |  824.0 |
        Temple |     84 |     70 |     14 |      0 |     56 |   1 |   84.0 |
               +--------+--------+--------+--------+--------+-----+--------+

Top non-repeatable levels by time:
     D:4: 1427 daAuts
     D:2: 942 daAuts
     D:3: 731 daAuts
     D:5: 532 daAuts
     D:1: 486 daAuts
  Temple: 84 daAuts
